 Dungeon Crawl Stone Soup version 0.30.0-29-ga12c61a403 (webtiles) character file.

Game seed: 7686367036461836505

261 Sabo the Chopper (level 6, -3/48 HPs)
             Began as a Formicid Monk on June 24, 2023.
             Slain by a kobold brigand
             ... wielding a +0 dagger
              (5 damage)
             ... in a sewer.
             The game lasted 00:14:00 (2713 turns).

Sabo the Chopper (Formicid Monk)                    Turns: 2713, Time: 00:14:01

Health: -3/48      AC: 13    Str: 17    XL:     6   Next: 41%
Magic:  6/6        EV:  8    Int: 10    God:
Gold:   165        SH:  0    Dex: 16    Spells: 5/5 levels left

rFire   . . .        a - +0 hand axe
rCold   . . .        d - orb {light}
rNeg    . . .        f - +0 chain mail
rPois   .            (helmet unavailable)
rElec   .            o - +0 cloak
rCorr   .            (no gloves)
SInv    +            (no boots)
Will    .....        (no amulet) Stlth
                     w - +4 ring of protection
HPRegen 0.28/turn    (no ring)
MPRegen 0.10/turn

%: no passive effects
@: lethally poisoned (-3 -> -7), glowing, very slow
A: permanent stasis, dig shafts and tunnels, antennae 3, four strong arms
a: Dig


You were in a sewer.
You visited 1 branch of the dungeon, and saw 3 of its levels.
You also visited: Sewer.

You collected 165 gold pieces.

Inventory:

Hand Weapons
 a - a +0 hand axe (weapon)
 t - a +0 long sword of holy wrath
Missiles
 h - 4 boomerangs
Armour
 d - an orb of light (worn)
 f - a +0 chain mail (worn)
 o - a +0 cloak (worn)
Jewellery
 w - a +4 ring of protection (left hand)
Wands
 s - a wand of polymorph (4)
Scrolls
 b - a scroll of noise {unknown}
 c - a scroll of amnesia {unknown}
 j - a scroll of immolation {unknown}
 k - 2 scrolls of fog
 n - 2 scrolls of fear {unknown}
 p - a scroll of vulnerability {unknown}
 q - 2 scrolls of enchant weapon {unknown}
 v - a scroll of brand weapon {unknown}
Potions
 e - a potion of magic {unknown}
 g - 2 potions of attraction {unknown}
 i - 2 potions of brilliance {unknown}
 l - 2 potions of heal wounds {unknown}
 m - a potion of haste {unknown}
 r - a potion of resistance {unknown}
 u - a potion of curing {unknown}


   Skills:
 + Level 4.2 Fighting
 + Level 5.5 Axes
 + Level 1.7 Armour
 + Level 3.2 Dodging
 + Level 0.2 Stealth


You had 5 spell levels left.
You didn't know any spells.
Your spell library contained the following spells:

 Spells                   Type           Power      Damage    Failure   Level
 Necrotise                Necr           0%         1d4       99%         1
 Frozen Ramparts          Ice            0%         1d1       100%        3
 Vampiric Draining        Necr           0%         2d6       100%        3
 Ice Form                 Ice/Tmut       0%         N/A       100%        4
 Summon Ice Beast         Ice/Summ       0%         N/A       100%        4
 Agony                    Necr           0%         N/A       100%        5


Dungeon Overview and Level Annotations

Branches:
Dungeon (3/15)              Sewer (1/1)

Altars:

Shops:
D:1 !


Innate Abilities, Weirdness & Mutations

You cannot be hasted, slowed, berserked, paralysed or teleported.
You can dig through walls and to a lower floor.
You have a pair of large antennae on your head. (SInv)
Your four strong arms can wield two-handed weapons with a shield.


Message History

The kobold brigand is almost dead.
You feel sick.
The kobold brigand hits you but does no damage.
Your unstable footing causes you to fumble your attack.
You feel sick.
You are no longer poisoned.
The kobold brigand hits you but does no damage.
Your unstable footing causes you to fumble your attack.
The kobold brigand hits you but does no damage.
Your unstable footing causes you to fumble your attack.
The kobold brigand hits you with a +0 dagger.
* * * LOW HITPOINT WARNING * * *
The kobold brigand hits you with a +0 dagger.
* * * LOW HITPOINT WARNING * * *
Your unstable footing causes you to fumble your attack.
The kobold brigand hits you but does no damage.
You hit the kobold brigand.
You kill the kobold brigand!
You hear a splash. x2
The kobold brigand throws a poisoned dart.
The poisoned dart hits you!
You are poisoned.
* * * LOW HITPOINT WARNING * * *
You feel very sick. The kobold brigand closely misses you.
The kobold brigand hits you but does no damage.
Things that are here:
a +0 dagger; a curare-tipped dart; a kobold corpse You hit the kobold brigand.
The kobold brigand is lightly wounded.
* * * LOW HITPOINT WARNING * * *
You feel sick.
The kobold brigand hits you with a +0 dagger.
* * * LOW HITPOINT WARNING * * *
You barely miss the kobold brigand.
The kobold brigand is lightly wounded.
* * * LOW HITPOINT WARNING * * *
You feel sick.
The kobold brigand hits you with a +0 dagger.
You die...

##≈≈≈~~~~~~~~~h~~~≈≈≈~~#K
≈≈≈≈≈≈≈≈≈≈≈≈≈≈≈≈≈≈≈≈≈K~.K
#≈≈≈≈≈~~~~≈~~~~~~~≈≈≈K~#
#######.......~~~~~~~K~#
#######.K~....~~.#
##K######### #K# #K# #@#
#~# #~# #~# #~# #~# #~#
#~# #~#


You could see a kobold brigand and 3 kobolds.

Vanquished Creatures
  A kobold brigand (Sewer)
  Robin (D:3)
  3 adders (D:2)
  6 river rats (Sewer)
  4 dart slugs
  An orc (D:3)
  6 bats
  9 endoplasms
  4 giant cockroaches
  17 goblins
  6 hobgoblins
  6 jackals (D:1)
  5 kobolds
  3 quokkas
  7 ball pythons
  4 frilled lizards
  5 rats
88 creatures vanquished.

Notes
Turn   | Place    | Note
-------+----------+-------------------------------------------
     0 | D:1      | Sabo the Formicid Monk began the quest for the Orb.
     0 | D:1      | Reached XP level 1. HP: 18/18 MP: 1/1
     9 | D:1      | Found Epnyd's Distillery.
   173 | D:1      | Reached XP level 2. HP: 17/24 MP: 2/2
   442 | D:1      | Reached XP level 3. HP: 28/29 MP: 3/3
  1025 | D:1      | Reached XP level 4. HP: 33/37 MP: 4/4
  1112 | D:2      | Reached skill level 4 in Axes
  1730 | D:2      | Reached XP level 5. HP: 32/42 MP: 5/5
  2442 | D:3      | Noticed Robin
  2459 | D:3      | Killed Robin
  2515 | D:3      | Found a glowing drain.
  2520 | Sewer    | Entered a sewer
  2529 | Sewer    | Reached skill level 5 in Axes
  2544 | Sewer    | Reached skill level 1 in Armour
  2551 | Sewer    | Reached XP level 6. HP: 25/48 MP: 6/6
  2713 | Sewer    | HP: 2/48 [poisoned by a kobold brigand]
  2713 | Sewer    | Slain by a kobold brigand

Illustrated notes

Levels and vault maps discovered:
D:1:      eino_arrival_water_cross, layout_loops_cross, serial_shops, shop,
          minmay_statues_item, minmay_shallow_snake_nest
D:2:      layout_loops_corners
D:3:      layout_rooms, portal_sewer_entry_e, st_stairs_14, uniq_robin
Sewer:    sewer_kobolds

Skill      XL: |  1  2  3  4  5 |
---------------+----------------+-----
Dodging        | 3 |  3.2
Axes           | 4 5 |  5.5
Fighting       | 4 |  4.2
Armour         | 1 |  1.7
Stealth        | |  0.2

Action                     |  1- 3 |  4- 6 || total
---------------------------+-------+-------++-------
  Melee: Hand axe          |    81 |   140 ||   221
    Use: Scroll            |       |     3 ||     3
 Armour: Robe              |    14 |     2 ||    16
         Chain mail        |       |    66 ||    66
  Dodge: Dodged            |    66 |    57 ||   123
